AAA WEST
SACRAMENTO RIVER CATS @ LAS VEGAS AVIATORS
06/05/2042
 
TOP OF THE 1ST
Sacramento River Cats batting - Pitching for Las Vegas Aviators : RHP Jorge Martínez
Pitching: RHP Jorge Martínez
Batting: LHB Deron Ferrell 0-0: Ball
1-0: Swinging Strike
1-1: Ball
2-1: Fly out, F7 (Flyball, 78M, EV 88.8 MPH)
Batting: RHB Gavino Giardina 0-0: Fly out, F7 (Flyball, 7, EV 87.5 MPH)
Batting: LHB Jesús Rivera 0-0: Ball
1-0: Foul Ball, location: 3FF
1-1: Fly out, F9 (Flyball, 89S, EV 92.5 MPH)
Top of the 1st over - 0 runs, 0 hits, 0 errors, 0 left on base; Sacramento 0 - Las Vegas 0
BOTTOM OF THE 1ST
Las Vegas Aviators batting - Pitching for Sacramento River Cats : RHP J.J. Wells
Pitching: RHP J.J. Wells
Batting: RHB Luis De La Cruz 0-0: Foul Ball, location: 2F
0-1: Ball
1-1: Ball
2-1: Swinging Strike
2-2: Foul Ball, location: 7LSFF
2-2: Ball
3-2: Base on Balls
Batting: RHB Tim Ladner 0-0: Ball
1-0: Swinging Strike
1-1: Sac Bunt to 13S - play at first, batter OUT! 1-3
Luis De La Cruz to second
Batting: LHB Dane Edgar 0-0: Ball
Luis De La Cruz steals 3rd base
1-0: Swinging Strike
1-1: Swinging Strike
1-2: Ball
2-2: Ball
3-2: Ground out 4-3 (Groundball, 4, EV 91.9 MPH)
Luis De La Cruz scores
Batting: SHB Jimmy Beard 0-0: Ball
1-0: Swinging Strike
1-1: Fly out, F7 (Flyball, 78D, EV 104.4 MPH)
Bottom of the 1st over - 1 run, 0 hits, 0 errors, 0 left on base; Sacramento 0 - Las Vegas 1
TOP OF THE 2ND
Sacramento River Cats batting - Pitching for Las Vegas Aviators : RHP Jorge Martínez
Batting: RHB Lou MacDonald 0-0: Swinging Strike
0-1: Fly out, F8 (Flyball, 8LS, EV 88.8 MPH)
Batting: LHB Jon Stone 0-0: Called Strike
0-1: Ball
1-1: Ground out 4-3 (Groundball, 4, EV 80.0 MPH)
Batting: RHB Alfredo García 0-0: Called Strike
0-1: Ball
1-1: Fly out, F9 (Line Drive, 9, EV 93.8 MPH)
Top of the 2nd over - 0 runs, 0 hits, 0 errors, 0 left on base; Sacramento 0 - Las Vegas 1
BOTTOM OF THE 2ND
Las Vegas Aviators batting - Pitching for Sacramento River Cats : RHP J.J. Wells
Batting: RHB Ernesto Peña 0-0: Called Strike
0-1: Ball
1-1: Fly out, F8 (Flyball, 8RS, EV 97.5 MPH)
Batting: LHB Cristóbal Díaz 0-0: Ground out 1-3 (Groundball, 13S, EV 71.3 MPH)
Batting: RHB Chris Walker 0-0: Called Strike
0-1: Ground out 6-3 (Groundball, 6, EV 80.0 MPH)
Bottom of the 2nd over - 0 runs, 0 hits, 0 errors, 0 left on base; Sacramento 0 - Las Vegas 1
TOP OF THE 3RD
Sacramento River Cats batting - Pitching for Las Vegas Aviators : RHP Jorge Martínez
Batting: RHB Pancho Gallegos 0-0: Ball
1-0: Ball
2-0: Ball
3-0: Called Strike
3-1: Called Strike
3-2: Base on Balls
Batting: LHB Luis Manuel Valéncia 0-0: Foul Ball, location: 23F
0-1: Ball
1-1: Swinging Strike
1-2: Strikes out swinging
Batting: SHB Jim Unknown 0-0: Called Strike
0-1: Fly out, F9 (Flyball, 9, EV 99.4 MPH)
Batting: LHB Deron Ferrell 0-0: Called Strike
Pancho Gallegos is caught stealing 2nd base 2-6
Top of the 3rd over - 0 runs, 0 hits, 0 errors, 0 left on base; Sacramento 0 - Las Vegas 1
BOTTOM OF THE 3RD
Las Vegas Aviators batting - Pitching for Sacramento River Cats : RHP J.J. Wells
Batting: RHB Bert Gray 0-0: DOUBLE (Flyball, 8LD, EV 102.5 MPH)
Batting: SHB Esteban Martínez 0-0: Called Strike
0-1: Ball
1-1: Ball
2-1: Fly out, F7 (Flyball, 7D, EV 105.6 MPH)
Batting: RHB Luis De La Cruz 0-0: Ball
1-0: Ball
2-0: Called Strike
2-1: Fly out, F9 (Flyball, 89M, EV 79.4 MPH)
Batting: RHB Tim Ladner 0-0: Called Strike
0-1: Ball
1-1: Ball
2-1: Ball
3-1: Foul Ball, location: 3F
3-2: Base on Balls
Batting: LHB Dane Edgar 0-0: Ball
1-0: Swinging Strike
1-1: Foul Ball, location: 3F
1-2: Ball
2-2: Fly out, F8 (Line Drive, 89D, EV 95.6 MPH)
Bottom of the 3rd over - 0 runs, 1 hit, 0 errors, 2 left on base; Sacramento 0 - Las Vegas 1
TOP OF THE 4TH
Sacramento River Cats batting - Pitching for Las Vegas Aviators : RHP Jorge Martínez
Batting: LHB Deron Ferrell 0-0: Called Strike
0-1: Ball
1-1: Called Strike
1-2: Strikes out swinging
Batting: RHB Gavino Giardina 0-0: Ball
1-0: Called Strike
1-1: Swinging Strike
1-2: Strikes out swinging
Batting: LHB Jesús Rivera 0-0: Called Strike
0-1: Called Strike
0-2: Foul Ball, location: 9LSF
0-2: Fly out, F9 (Flyball, 9LM, EV 81.3 MPH)
Top of the 4th over - 0 runs, 0 hits, 0 errors, 0 left on base; Sacramento 0 - Las Vegas 1
BOTTOM OF THE 4TH
Las Vegas Aviators batting - Pitching for Sacramento River Cats : RHP J.J. Wells
Batting: SHB Jimmy Beard 0-0: Ball
1-0: Ground out U3 (Groundball, 34, EV 82.5 MPH)
Batting: RHB Ernesto Peña 0-0: Ball
1-0: Called Strike
1-1: Fly out, F5 (Popup, 5SF, EV 78.1 MPH)
Batting: LHB Cristóbal Díaz 0-0: Foul Ball, location: 2LF
0-1: Fly out, F8 (Line Drive, 8LM, EV 98.8 MPH)
Bottom of the 4th over - 0 runs, 0 hits, 0 errors, 0 left on base; Sacramento 0 - Las Vegas 1
TOP OF THE 5TH
Sacramento River Cats batting - Pitching for Las Vegas Aviators : RHP Jorge Martínez
Batting: RHB Lou MacDonald 0-0: Swinging Strike
0-1: Ground out 5-3 (Groundball, 5L, EV 91.3 MPH)
Batting: LHB Jon Stone 0-0: Ball
1-0: Fly out, F7 (Line Drive, 7, EV 84.4 MPH)
Batting: RHB Alfredo García 0-0: TRIPLE (Line Drive, 7LD, EV 103.8 MPH)
Batting: RHB Pancho Gallegos 0-0: Ball
1-0: Called Strike
1-1: Swinging Strike
1-2: Ball
2-2: Ball
3-2: Ground out 6-3 (Groundball, 6MS, EV 78.8 MPH)
Top of the 5th over - 0 runs, 1 hit, 0 errors, 1 left on base; Sacramento 0 - Las Vegas 1
BOTTOM OF THE 5TH
Las Vegas Aviators batting - Pitching for Sacramento River Cats : RHP J.J. Wells
Batting: RHB Chris Walker 0-0: Ball
1-0: Called Strike
1-1: Ball
2-1: SINGLE (Groundball, 15S, EV 65.6 MPH) (infield hit)
Batting: RHB Bert Gray 0-0: Bunted foul
0-1: Bunted foul
0-2: Foul Ball, location: 5SF
0-2: Ball
Wild Pitch!
Chris Walker to second
1-2: Ground out 6-3 (Groundball, 6, EV 91.3 MPH)
Batting: SHB Esteban Martínez 0-0: Ball
1-0: Foul Ball, location: 2F
1-1: Ball
2-1: 2-RUN HOME RUN (Line Drive, 78XD, EV 106.9 MPH), Distance : 423 ft
Batting: RHB Luis De La Cruz 0-0: Ball
1-0: Ball
2-0: Ball
3-0: Base on Balls
Batting: RHB Tim Ladner 0-0: Called Strike
Luis De La Cruz steals 2nd base (no throw)
0-1: Ball
1-1: Foul Ball, location: 25F
1-2: Fly out, F9 (Flyball, 9, EV 88.8 MPH)
Batting: LHB Dane Edgar 0-0: Ball
1-0: Swinging Strike
1-1: SINGLE (Line Drive, 6D, EV 96.9 MPH)
Luis De La Cruz to third
Runner from 3rd tries for Home, SAFE, throw by LF to home
Batting: SHB Jimmy Beard 0-0: Ball
1-0: Ball
Dane Edgar steals 2nd base
2-0: Ball
3-0: Called Strike
3-1: Base on Balls
Batting: RHB Ernesto Peña 0-0: Ball
1-0: Foul Ball, location: 5F
1-1: Fielders Choice at 2nd, 6-4 (Groundball, 6, EV 78.8 MPH)
Bottom of the 5th over - 3 runs, 3 hits, 0 errors, 2 left on base; Sacramento 0 - Las Vegas 4
TOP OF THE 6TH
Sacramento River Cats batting - Pitching for Las Vegas Aviators : RHP Jorge Martínez
Batting: LHB Luis Manuel Valéncia 0-0: Ball
1-0: Fly out, F7 (Flyball, 7D, EV 109.4 MPH)
Batting: SHB Jim Unknown 0-0: Swinging Strike
0-1: Foul Ball, location: 3FF
0-2: Ball
1-2: Foul Ball, location: 3F
1-2: Strikes out swinging
Batting: LHB Deron Ferrell 0-0: Ground out 5-3 (Groundball, 5L, EV 103.1 MPH)
Top of the 6th over - 0 runs, 0 hits, 0 errors, 0 left on base; Sacramento 0 - Las Vegas 4
BOTTOM OF THE 6TH
Las Vegas Aviators batting - Pitching for Sacramento River Cats : RHP J.J. Wells
Batting: LHB Cristóbal Díaz 0-0: Ball
1-0: Called Strike
1-1: Swinging Strike
1-2: Fly out, F7 (Flyball, 7D, EV 100.0 MPH)
Batting: RHB Chris Walker 0-0: Called Strike
0-1: Ball
1-1: Ball
2-1: Called Strike
2-2: Foul Ball, location: 7LDF
2-2: Fly out, F8 (Flyball, 8RD, EV 91.3 MPH)
Batting: RHB Bert Gray 0-0: Ball
1-0: Ball
2-0: SINGLE (Groundball, 4MS, EV 61.3 MPH) (infield hit)
Batting: SHB Esteban Martínez 0-0: Ball
Bert Gray steals 2nd base
1-0: Ball
2-0: Called Strike
2-1: Swinging Strike
2-2: Foul Ball, location: 2F
2-2: Ball
3-2: Foul Ball, location: 5F
3-2: Foul Ball, location: 7LDF
3-2: Base on Balls
Pitching: LHP Juan Díaz
Batting: RHB Luis De La Cruz 0-0: Ball
1-0: Fielders Choice at 2nd, 6-4 (Groundball, 6, EV 83.8 MPH)
Bottom of the 6th over - 0 runs, 1 hit, 0 errors, 2 left on base; Sacramento 0 - Las Vegas 4
TOP OF THE 7TH
Sacramento River Cats batting - Pitching for Las Vegas Aviators : RHP Jorge Martínez
Batting: RHB Gavino Giardina 0-0: Ball
1-0: Foul Ball, location: 3F
1-1: Ball
2-1: Ball
3-1: Base on Balls
Batting: LHB Jesús Rivera 0-0: Ball
1-0: Swinging Strike
1-1: Ball
2-1: Ball
Gavino Giardina is caught stealing 2nd base 2-6
3-1: Base on Balls
Batting: RHB Lou MacDonald 0-0: Foul Ball, location: 7LSF
0-1: Ball
1-1: Grounds into double play, 4-6-3 (Groundball, 34, EV 79.4 MPH)
Top of the 7th over - 0 runs, 0 hits, 0 errors, 0 left on base; Sacramento 0 - Las Vegas 4
BOTTOM OF THE 7TH
Las Vegas Aviators batting - Pitching for Sacramento River Cats : LHP Juan Díaz
Batting: RHB Tim Ladner 0-0: Called Strike
0-1: Ground out 6-3 (Groundball, 6, EV 103.8 MPH)
Batting: LHB Dane Edgar 0-0: Called Strike
0-1: Fly out, F7 (Flyball, 7, EV 94.4 MPH)
Batting: SHB Jimmy Beard 0-0: Ball
1-0: Foul Ball, location: 3SF
1-1: Ball
2-1: Foul Ball, location: 2F
2-2: Ball
3-2: Base on Balls
Batting: RHB Ernesto Peña 0-0: Foul Ball, location: 3SF
0-1: Ball
1-1: Ball
2-1: Swinging Strike
2-2: Foul Ball, location: 2F
2-2: Fielders Choice at 2nd, 5-4 (Groundball, 5D, EV 106.9 MPH)
Bottom of the 7th over - 0 runs, 0 hits, 0 errors, 1 left on base; Sacramento 0 - Las Vegas 4
TOP OF THE 8TH
Sacramento River Cats batting - Pitching for Las Vegas Aviators : RHP Jorge Martínez
Batting: LHB Jon Stone 0-0: Ball
1-0: Fly out, F9 (Line Drive, 89M, EV 88.1 MPH)
Batting: RHB Alfredo García 0-0: Fly out, F2 (Popup, 2RF, EV 90.0 MPH)
Batting: RHB Pancho Gallegos 0-0: Ball
1-0: Ball
2-0: Called Strike
2-1: Ground out U3 (Groundball, 3, EV 106.3 MPH)
Top of the 8th over - 0 runs, 0 hits, 0 errors, 0 left on base; Sacramento 0 - Las Vegas 4
BOTTOM OF THE 8TH
Las Vegas Aviators batting - Pitching for Sacramento River Cats : LHP Juan Díaz
Pinch Hitting: RHB Jesús Alvarado 0-0: Called Strike
0-1: Ball
1-1: Foul Ball, location: 3DF
1-2: Ball
2-2: Ball
3-2: Foul Ball, location: 2F
3-2: Base on Balls
Batting: RHB Chris Walker 0-0: Grounds into double play, 5-4-3 (Groundball, 56, EV 91.3 MPH)
Batting: RHB Bert Gray 0-0: Ball
1-0: Ground out 5-3 (Groundball, 56S, EV 92.5 MPH)
Bottom of the 8th over - 0 runs, 0 hits, 0 errors, 0 left on base; Sacramento 0 - Las Vegas 4
TOP OF THE 9TH
Sacramento River Cats batting - Pitching for Las Vegas Aviators : RHP Jorge Martínez
Now in LF: Caleb Banks
Batting: LHB Luis Manuel Valéncia 0-0: Ground out U3 (Groundball, 3L, EV 81.3 MPH)
Batting: RHB Kris Smith 0-0: Ground out 4-3 (Groundball, 4, EV 85.6 MPH)
Batting: LHB Deron Ferrell 0-0: Ball
1-0: Ball
2-0: Swinging Strike
2-1: Swinging Strike
2-2: SINGLE (Flyball, 4MD, EV 85.0 MPH)
Batting: RHB Gavino Giardina 0-0: Ball
1-0: Called Strike
1-1: Swinging Strike
1-2: Fly out, F9 (Flyball, 89M, EV 93.8 MPH)
Top of the 9th over - 0 runs, 1 hit, 0 errors, 1 left on base; Sacramento 0 - Las Vegas 4
Friday, May 3rd , 2024 - OOTP Baseball 24.10 Build 82